 Dungeon Crawl Stone Soup version 0.27-a0-156-gbcd94eb011 (webtiles) character file.

Game seed: 8497608166978582953

35 lunkers the Chucker (level 3, -1/31 HPs)
             Began as a Hill Orc Hunter on Jan 27, 2021.
             Slain by an adder (3 damage)
             ... on level 2 of the Dungeon.
             The game lasted 00:02:04 (915 turns).

lunkers the Chucker (Hill Orc Hunter)                Turns: 915, Time: 00:02:05

Health: -1/31      AC:  8    Str: 15    XL:     3   Next: 35%
Magic:  3/3        EV:  9    Int: 11    God:
Gold:   43         SH:  0    Dex: 11    Spells: 2/2 levels left

rFire    . . .     SeeInvis .   a - +0 short sword
rCold    . . .     Faith    .   (no shield)
rNeg     . . .     Spirit   .   f - +0 scale mail
rPois    .         Reflect  .   m - +0 helmet
rElec    .         Harm     .   (no cloak)
rCorr    .         Rampage  .   h - +0 pair of gloves
Will     .....     Rnd*Tele +   (no boots)
Stlth    ..........             (no amulet)
HPRegen  0.10/turn              i - ring of teleportation (curse)
MPRegen  0.08/turn              (no ring)

@: lethally poisoned (-1 -> -8), flying
A: no striking features
a: no special abilities


You were on level 2 of the Dungeon.
You visited 1 branch of the dungeon, and saw 2 of its levels.

You collected 43 gold pieces.

Inventory:

Hand Weapons
 a - a +0 short sword (weapon)
Missiles
 k - 4 stones (quivered)
Armour
 b - a +0 leather armour
 f - a +0 scale mail (worn)
 h - a +0 pair of gloves (worn)
 m - a +0 helmet (worn)
Jewellery
 i - a cursed ring of teleportation (left hand)
Scrolls
 l - a scroll of amnesia {unknown}
 n - 2 scrolls of identify {unknown}
Potions
 g - a potion of magic {unknown}
 j - a potion of might {unknown}


   Skills:
 + Level 3.5 Fighting
 + Level 4.1 Throwing
 - Level 1.5 Dodging
 - Level 0.7 Stealth


You had 2 spell levels left.
You didn't know any spells.
Your spell library was empty.

Dungeon Overview and Level Annotations

Branches:
Dungeon (2/15)

Altars:


Message History

You feel sick. The adder bites you but does no damage.
Unknown command.
Fire/throw which item? (* to show all) (? for menu, Esc to quit)
Throw: throwing net
Press: ? - help, Shift-Dir - straight line, f/p - adder
Aim: an adder (38% to hit)
You throw a throwing net.
The throwing net barely misses the adder.
The throwing net barely misses the kobold.
* * * LOW HITPOINT WARNING * * *
You feel sick. The adder completely misses you.
Unknown command.
Your scale mail prevents you from hitting the adder.
The adder bites you but does no damage.
It was a potion of flight.
You feel very buoyant.
You fly up into the air.
* * * LOW HITPOINT WARNING * * *
You feel sick. The adder closely misses you. The adder bites you.
You die...

#####.. .......
###.#....
#######.....#
#..........#
#....†K.B###
.##.....#.h..#
........####.#########
.######## #(.KS@....#
###########


You could see an adder and a kobold.

Vanquished Creatures
  3 dart slugs (D:1)
  5 giant cockroaches
  4 goblins (D:1)
  2 hobgoblins (D:1)
  3 jackals (D:2)
  3 kobolds (D:1)
  A ball python (D:1)
  4 bats
  A rat (D:1)
26 creatures vanquished.

Notes
Turn   | Place    | Note
-------+----------+-------------------------------------------
     0 | D:1      | lunkers the Hill Orc Hunter began the quest for the Orb.
     0 | D:1      | Reached XP level 1. HP: 18/18 MP: 1/1
    83 | D:1      | Reached XP level 2. HP: 22/25 MP: 2/2
   455 | D:1      | Reached skill level 4 in Throwing
   544 | D:1      | Reached XP level 3. HP: 31/31 MP: 3/3
   915 | D:2      | Slain by an adder

Illustrated notes

Levels and vault maps discovered:
D:1:      eino_arrival_cavern_e, layout_basic
D:2:      layout_rooms

Skill      XL: |  1  2 |
---------------+-------+-----
Fighting       | 3 |  3.5
Throwing       | 4 |  4.1
Dodging        | |  1.5
Stealth        | |  0.7

Action                   || total
-------------------------++-------
Melee: Short sword       ||    98
Throw: Javelin           ||    18
       Throwing net      ||     2
  Use: Scroll            ||     1
       Potion            ||     1
Armor: Leather armour    ||    27
       Scale mail        ||    33
Dodge: Dodged            ||    75

Table legend: (Time is in decaauts)
 A = Elapsed time spent in this place.
 B = Non-inter-level travel time spent in this place.
 C = Inter-level travel time spent in this place.
 D = Time resting spent in this place.
 E = Time spent auto-exploring this place.
 F = Levels seen in this place.
 G = Mean time per level.
                   A        B        C        D        E       F      G
               +--------+--------+--------+--------+--------+-----+--------+
         Total |    929 |    910 |     19 |      0 |    564 |   2 |  464.5 |
       Dungeon |    929 |    910 |     19 |      0 |    564 |   2 |  464.5 |
               +--------+--------+--------+--------+--------+-----+--------+

Top non-repeatable levels by time:
     D:1: 862 daAuts
     D:2: 66 daAuts
